 Dungeon Crawl Stone Soup version 0.30.1-4-g462c640d31 (webtiles) character file.

Game seed: 16091363930314754075

72 ChiefBigBeans the Ducker (level 4, 0/32 HPs)
             Began as a Djinni Fire Elementalist on Sept 5, 2023.
             Slain by a black bear (3 damage)
             ... on level 1 of the Dungeon.
             The game lasted 00:05:59 (1452 turns).

ChiefBigBeans the Ducker (Djinni Fire Elementalist) Turns: 1452, Time: 00:06:00

Health: 0/32       AC:  2    Str:  7    XL:     4   Next: 50%
Gold:   122        EV: 13    Int: 18    God:
                   SH:  0    Dex: 14

rFire   + + .        b - +0 short sword
rCold   x . .        (no shield)
rNeg    . . .        a - +0 robe
rPois   ∞            (no helmet)
rElec   .            (no cloak)
rCorr   .            (no gloves)
SInv    .            (boots unavailable)
Will    .....        (no amulet)
Stlth   ++           (no ring)
HPRegen 0.25/turn    (no ring)
MPRegen 0.00/turn

%: infuse magic (-1 HP)
@: flying
A: sickness immunity, fire resistance 2, cold vulnerability 1, float, innate
caster, HP casting, extra vitality 1
a: no special abilities


You were on level 1 of the Dungeon.
You visited 1 branch of the dungeon, and saw 2 of its levels.

You collected 122 gold pieces.

Inventory:

Hand Weapons
 b - a +0 short sword (weapon)
Missiles
 q - a throwing net
Armour
 a - a +0 robe (worn)
 i - a +0 ring mail
Magical Staves
 o - a staff of death
Jewellery
 j - a ring of wizardry
Scrolls
 d - a scroll of summoning {unknown}
 g - a scroll of fog {unknown}
 l - 6 scrolls of identify {unknown}
 m - a scroll of immolation {unknown}
Potions
 c - 3 potions of curing {unknown}
 e - a potion of might {unknown}
 f - a potion of haste {unknown}
 k - a potion of ambrosia {unknown}
 n - a potion of degeneration {unknown}
 p - a potion of brilliance {unknown}


   Skills:
 + Level 1.6 Fighting
 + Level 1.6 Armour
 + Level 3.1 Dodging
 - Level 1.5 Stealth
 + Level 2.8 Spellcasting


You knew the following spells:

 Your Spells              Type           Power      Damage    Failure   Level
a - Foxfire               Conj/Fire      48%        2x1d6     5%          1
b - Scorch                Fire           24%        2d6       8%          2
c - Volatile Blastmotes   Fire/Tloc      24%        2d12      16%         3
d - Inner Flame           Hex/Fire       12%        N/A       16%         3
e - Flame Wave            Conj/Fire      12%        2d6       45%         4
f - Summon Small Mammal   Summ           48%        N/A       5%          1
Your spell library was empty.

Dungeon Overview and Level Annotations

Branches:
Dungeon (2/15)

Altars:

Shops:
D:1 ?


Innate Abilities, Weirdness & Mutations

You are immune to sickness and miasma.
You are immune to poison.
Your flesh is very heat resistant. (rF++)
You are vulnerable to cold. (rC-)
You float through the air rather than walking.
You learn spells naturally, not from books.
Your magical power is your life essence.
You have superior vitality. (+4 MHP)


Message History

Casting: Foxfire (safe; 5% risk of failure)
Press: ? - help, Q - select action, (/) - cycle Dir - look around, f - activate You conjure some foxfire!
* * * LOW HITPOINT WARNING * * *
Your foxfire dissipates!
The foxfire hits the black bear.
The black bear is moderately wounded.
Okay, then.
Blink to where?
Press: ? - help, Dir - move target
As you read the scroll of blinking, it crumbles to dust.
There is a stone staircase leading up here.
You fly upwards.
There is a stone staircase leading down here.
You start resting.
HP restored.
You fly downwards.
There is a stone staircase leading up here.
The black bear bites you. The black bear closely misses you.
The black bear barely misses you.
The black bear attacks as you move away!
The black bear bites you but does no damage.
The black bear claws you. x2
There is a stone staircase leading up here.
The black bear bites you. The black bear claws you.
The black bear claws you but does no damage.
You fly upwards.
There is a stone staircase leading down here.
The black bear completely misses you. The black bear closely misses you.
The black bear barely misses you.
Casting: Scorch (safe; 8% risk of failure)
Press: ? - help, Q - select action, (/) - cycle Dir - look around, f - activate Look: a black bear Flames lash the black bear.
The black bear is lightly wounded.
The black bear's fire resistance burns away.
The black bear bites you!
* * * LOW HITPOINT WARNING * * *
The black bear claws you.
You die...

.##........# .##........#
.##........# #######
.##........#######.....#
.##........'.........#.#
...........#######.#.#.#
................>#.#.#.#
..............##h#.#.#.#
...............#@#.#.#.#
...............#.#.#.#.#
...............#.#.#.#.#
...............#.#...#####
........######.#.#.......#
...........# #.#.#.#####.#
##.........# #.#.#.#
###.## #.........# #.#.#.#
#....# ####......# #.#.#.#
#.####


You could see a black bear (combustible).

Vanquished Creatures
  3 adders (D:2)
  A worm (D:2)
  3 ball pythons
  4 bats
  8 endoplasms
  A giant cockroach (D:1)
  2 hobgoblins
  4 jackals (D:2)
  6 kobolds
  2 quokkas (D:2)
  2 frilled lizards (D:2)
  5 rats
41 creatures vanquished.

Vanquished Creatures (others)
  119 foxfires
119 creatures vanquished.

Grand Total: 160 creatures vanquished

Notes
Turn   | Place    | Note
-------+----------+-------------------------------------------
     0 | D:1      | ChiefBigBeans the Djinni Fire Elementalist began the quest
                  | for the Orb.
     0 | D:1      | ChiefBigBeans set off with the following spells memorised:
                  | Foxfire, Scorch, Volatile Blastmotes, Inner Flame, Flame
                  | Wave.
     0 | D:1      | Reached XP level 1. HP: 15/15 MP: 0/0
    45 | D:1      | Found The Oracle's Delphic Readings.
   168 | D:1      | Reached XP level 2. HP: 20/22 MP: 0/0
   780 | D:2      | Reached skill level 1 in Fighting
   780 | D:2      | Reached skill level 1 in Armour
   780 | D:2      | Reached XP level 3. HP: 24/27 MP: 0/0
   780 | D:2      | Learned a level 1 spell: Summon Small Mammal
   916 | D:2      | Reached XP level 4. HP: 31/32 MP: 0/0
  1046 | D:2      | Reached skill level 3 in Dodging
  1309 | D:2      | Noticed a black bear
  1452 | D:1      | Slain by a black bear

Illustrated notes

Levels and vault maps discovered:
D:1:      giann_bridges, layout_basic, nicolae_nh_oracle_at_delphi
D:2:      layout_rooms, minmay_increasing_density

Skill      XL: |  1  2  3  4 |
---------------+-------------+-----
Fighting       | 1 |  1.6
Armour         | 1 |  1.6
Dodging        | 3 |  3.1
Stealth        | |  1.5
Spellcasting   | |  2.8

Action                     |  1- 3 |  4- 6 || total
---------------------------+-------+-------++-------
  Melee: Short sword       |    28 |     7 ||    35
   Cast: Foxfire           |    44 |    27 ||    71
         Scorch            |       |     1 ||     1
    Use: Scroll            |       |     2 ||     2
   Stab: Sleeping          |     1 |       ||     1
 Armour: Robe              |     5 |     2 ||     7
  Dodge: Dodged            |    23 |    31 ||    54
